 Dungeon Crawl Stone Soup version 0.29.1-1-gd02db6906a (webtiles) character file.

Game seed: 12317329552063463367

40 firemarshallily the Slasher (level 3, -3/30 HPs)
             Began as a Demonspawn Gladiator on Oct 13, 2022.
             Was a Follower of Kikubaaqudgha.
             Slain by an adder (4 damage)
             ... on level 1 of the Dungeon.
             The game lasted 00:02:49 (1274 turns).

firemarshallily the Slasher (Demonspawn Gladiator)  Turns: 1274, Time: 00:02:50

Health: -3/30      AC:  5    Str: 14    XL:     3   Next: 30%
Magic:  3/3        EV: 12    Int:  9    God:    Kikubaaqudgha [*.....]
Gold:   41         SH:  0    Dex: 16    Spells: 2/2 levels left

rFire   . . .      SeeInvis .   a - +0 long sword
rCold   . . .      Faith    .   (no shield)
rNeg    . . .      Spirit   .   b - +0 leather armour
rPois   .          Reflect  .   c - +0 helmet
rElec   .          Harm     .   (no cloak)
rCorr   .          Rampage  .   (no gloves)
Will    .....                   o - +0 pair of boots
Stlth   +.........              (no amulet)
HPRegen 0.10/turn               (no ring)
MPRegen 0.16/turn               (no ring)

@: no status effects
A: powered by pain 1, magic regeneration, robust 1
a: Renounce Religion, Unearth Wretches


You were on level 1 of the Dungeon.
You worshipped Kikubaaqudgha.
Kikubaaqudgha was aware of your devotion.
You visited 1 branch of the dungeon, and saw 2 of its levels.

You collected 41 gold pieces.

Inventory:

Hand Weapons
 a - a +0 long sword (weapon)
Missiles
 d - 3 throwing nets (quivered)
 e - a javelin
 j - 14 stones
Armour
 b - a +0 leather armour (worn)
 c - a +0 helmet (worn)
 h - a +0 ring mail
 o - a +0 pair of boots (worn)
Scrolls
 f - a scroll of identify {unknown}
 k - a scroll of fear {unknown}
 l - a scroll of silence {unknown}
 m - a scroll of amnesia {unknown}
 n - a scroll of enchant armour {unknown}


   Skills:
 + Level 2.6 Fighting
 * Level 3.6 Long Blades
 - Level 1.7 Throwing
 - Level 2.6 Dodging


You had 2 spell levels left.
You didn't know any spells.
Your spell library contained the following spells:

 Spells                   Type           Power      Damage    Failure   Level
 Necrotise                Necr           0%         1d4       45%         1
 Vampiric Draining        Necr           0%         2d6       83%         3
 Anguish                  Hex/Necr       0%         N/A       99%         4
 Animate Dead             Necr           0%         N/A       99%         4


Dungeon Overview and Level Annotations

Branches:
Dungeon (2/15)

Altars:
Kikubaaqudgha


Innate Abilities, Weirdness & Mutations

You sometimes gain a little power by taking damage.
You regenerate magic rapidly.
You are robust. (+10% HP)


Message History

You are poisoned.
The adder poisons you! The adder bites you.
You are more poisoned.
The adder poisons you! The dart slug launches a dart at you.
The slug dart misses you.
You closely miss the adder.
You feel very sick. The adder barely misses you.
The dart slug launches a dart at you.
The slug dart hits you but does no damage.
You completely miss the adder.
You feel very sick. The adder bites you but does no damage.
The adder bites you.
* * * LOW HITPOINT WARNING * * *
* * * LOW HITPOINT WARNING * * *
You feel sick.
There is a stone staircase leading up here.
* * * LOW HITPOINT WARNING * * *
You feel sick. The adder barely misses you. The adder closely misses you.
You climb upwards.
* * * LOW HITPOINT WARNING * * *
You feel sick.
There is a stone staircase leading down here.
You closely miss the adder.
* * * LOW HITPOINT WARNING * * *
You feel sick. The adder barely misses you.
It was a potion of cancellation.
You feel magically purged.
* * * LOW HITPOINT WARNING * * *
You feel sick. The adder barely misses you.
It was a potion of mutation.
You feel extremely strange.
You feel robust.
* * * LOW HITPOINT WARNING * * *
You feel sick.
You are no longer poisoned.
The adder barely misses you. The adder bites you but does no damage.
You closely miss the adder. The adder closely misses you.
You hit the adder but do no damage. The adder bites you.
You die...
Kikubaaqudgha rasps: "You have failed me!
Welcome... death!"

#.# #.# #.### #.# #.# #.#..
#.########.#####)#..
#.##................
###########.#........#####.#..
#...........#..............#..
#.########..#.................
#.#......#..#.###....#####....
#.#.####.#..#@......##≈≈≈##...
#.#)#....#..S.###..##≈≈P≈≈##..
#.#.#....#....#.#.##~~~.~~~##.
#.#.#....#......#.#≈≈P.8.P~≈##
#.#)#....#......#.#≈~.....~~#.
#.#.#....#......#.8~.......~8.
###.#.............#.+.P8.<.8P.'.
#................##.8~.......~8#
#######...........#.#~≈.....~~##


You could see an adder.

Vanquished Creatures
  2 dart slugs (D:1)
  3 ball pythons
  6 endoplasms (D:1)
  A giant cockroach (D:1)
  2 goblins (D:1)
  2 hobgoblins (D:1)
  3 jackals (D:1)
  2 quokkas (D:1)
  3 bats (D:1)
  3 frilled lizards (D:1)
  4 kobolds
  A rat (D:1)
32 creatures vanquished.

Notes
Turn   | Place    | Note
-------+----------+-------------------------------------------
     0 | D:1      | firemarshallily the Demonspawn Gladiator began the quest
                  | for the Orb.
     0 | D:1      | Reached XP level 1. HP: 16/16 MP: 1/1
    68 | D:1      | Reached skill level 3 in Long Blades
    83 | D:1      | Gained mutation: You sometimes gain a little power by
                  | taking damage. [demonic ancestry]
    83 | D:1      | Reached XP level 2. HP: 22/22 MP: 2/2
   832 | D:1      | Gained mutation: You regenerate magic rapidly. [demonic
                  | ancestry]
   832 | D:1      | Reached XP level 3. HP: 28/28 MP: 3/3
   982 | D:1      | Found a faded altar of an unknown god.
  1000 | D:1      | Prayed at the altar of an unknown god.
  1000 | D:1      | Became a worshipper of Kikubaaqudgha
  1000 | D:1      | Reached * piety under Kikubaaqudgha
  1000 | D:1      | Received a gift from Kikubaaqudgha
  1272 | D:1      | Gained mutation: You are robust. (+10% HP) [potion of
                  | mutation]
  1272 | D:1      | HP: 1/30 [poisoned by an adder]
  1274 | D:1      | Slain by an adder

Illustrated notes

Levels and vault maps discovered:
D:1:      lightli_arrival_statuegarden, layout_basic,
          hellmonk_ecumenical_altar_dog_temple
D:2:      layout_basic, grunt_decor_arrowhead, uniq_robin

Skill      XL: |  1 |
---------------+----+-----
Long Blades    | 3 |  3.6
Fighting       | |  2.6
Throwing       | |  1.7
Dodging        | |  2.6

Action                   || total
-------------------------++-------
Melee: Long sword        ||    98
       Punch             ||     2
  Use: Potion            ||     2
 Stab: Sleeping          ||     2
Armor: Leather armour    ||    33
Dodge: Dodged            ||    94
